[ PARTIDA AOE2 · #504864455 ]
UnrankedVietnamitas vs Goths
Equipo del jugador · DERR
Equipo rival · VICT
[ ANÁLISIS DE REPETICIÓN · EXTRAÍDO DE LA PARTIDA GRABADA ]
Feudal
8:50
Castillos
22:06
Imperial
32:53
| APM promedio | 61.3 |
| APM pico | 96 |
| eAPM promedio | 32.7 |
| Aldeanos / militares | 194 / 359 |
Foco
⚔️ 42.6% · 🌾 57.4%
Battle Elephant ×127 · Skirmisher ×82 · Fire Lancer ×75 · Scout Cavalry ×66 · Trebuchet (Packed) ×5 · Monk ×3
Feudal
10:08
Castillos
21:42
Imperial
38:51
| APM promedio | 68.6 |
| APM pico | 110 |
| eAPM promedio | 33.4 |
| Aldeanos / militares | 187 / 696 |
Foco
⚔️ 46.3% · 🌾 53.7%
Spearman ×377 · Huskarl ×271 · Skirmisher ×28 · Monk ×10 · Militia ×4 · Trebuchet (Packed) ×3
Mapa de la partida
Recursos iniciales + cada clic de construcción. Líneas = muros · curvas = relieve. ◆ oro · ⬟ piedra · ● bayas · ✦ reliquia · ◌ hueco del cierre
Tu base· Abierta — el rival se encerró
Base de GAX | Poles Dance· ✓ Cerrada en 21:42 · 39t muro · sin puerta
Terreno inicial suavizado · ◌ = hueco del cierre detectado · pasá el cursor para detalles
Inputs por minuto
— PNAL | Miller - - GAX | Poles Dance
Build order — PNAL | Miller
Primeras 150 de 792 acciones detectadas
| 0:00 | Encolar | Villager (Male) |
| 0:00 | Encolar | Villager (Male) |
| 0:02 | Construir | House |
| 0:03 | Construir | House |
| 0:16 | Encolar | Villager (Male) |
| 0:16 | Encolar | Villager (Male) |
| 1:23 | Encolar | Villager (Male) |
| 1:54 | Encolar | Villager (Male) |
| 1:56 | Construir | Lumber Camp |
| 2:12 | Encolar | Villager (Male) |
| 2:48 | Encolar | Villager (Male) |
| 3:08 | Encolar | Villager (Male) |
| 3:32 | Encolar | Villager (Male) |
| 3:50 | Construir | House |
| 3:54 | Encolar | Villager (Male) |
| 4:02 | Encolar | Villager (Male) |
| 4:08 | Construir | House |
| 4:19 | Construir | Mill |
| 4:33 | Encolar | Villager (Male) |
| 5:09 | Encolar | Villager (Male) |
| 5:36 | Encolar | Villager (Male) |
| 5:39 | Investigar | Loom |
| 6:32 | Investigar | Feudal Age |
| 6:32 | Investigar | Feudal Age |
| 6:40 | Construir | Palisade Wall |
| 6:46 | Construir | Palisade Wall |
| 7:01 | Construir | House |
| 7:02 | Construir | Palisade Wall |
| 7:05 | Construir | Palisade Wall |
| 7:09 | Construir | House |
| 7:18 | Encolar | Villager (Male) |
| 7:57 | Construir | Barracks |
| 8:50 | Edad | Edad Feudal |
| 8:57 | Construir | Archery Range |
| 9:15 | Encolar | Villager (Male) |
| 9:17 | Investigar | Double-Bit Axe |
| 9:18 | Investigar | Double-Bit Axe |
| 9:19 | Investigar | Horse Collar |
| 9:34 | Encolar | Villager (Male) |
| 9:50 | Construir | House |
| 9:52 | Construir | House |
| 9:55 | Encolar | Villager (Male) |
| 9:58 | Encolar | Skirmisher |
| 9:58 | Encolar | Skirmisher |
| 10:02 | Construir | Farm |
| 10:07 | Construir | Farm |
| 10:31 | Encolar | Villager (Male) |
| 10:34 | Construir | Palisade Wall |
| 10:35 | Construir | Palisade Wall |
| 10:40 | Encolar | Skirmisher |
| 10:46 | Encolar | Villager (Male) |
| 10:56 | Encolar | Villager (Male) |
| 10:58 | Construir | Farm |
| 11:12 | Construir | Farm |
| 11:14 | Construir | Farm |
| 11:21 | Investigar | Town Watch |
| 11:27 | Encolar | Skirmisher |
| 11:31 | Encolar | Spearman |
| 11:50 | Encolar | Villager (Male) |
| 11:53 | Encolar | Skirmisher |
| 12:08 | Encolar | Skirmisher |
| 12:14 | Encolar | Villager (Male) |
| 12:18 | Construir | Blacksmith |
| 12:27 | Encolar | Villager (Male) |
| 12:40 | Encolar | Skirmisher |
| 12:47 | Construir | House |
| 13:04 | Investigar | Fletching |
| 13:10 | Encolar | Villager (Male) |
| 13:13 | Construir | House |
| 13:16 | Encolar | Skirmisher |
| 13:57 | Encolar | Villager (Male) |
| 14:02 | Construir | Farm |
| 14:03 | Construir | Farm |
| 14:03 | Construir | Farm |
| 14:04 | Encolar | Skirmisher |
| 14:12 | Encolar | Villager (Male) |
| 14:14 | Encolar | Skirmisher |
| 14:24 | Construir | Farm |
| 14:24 | Construir | Farm |
| 14:24 | Construir | Farm |
| 14:25 | Construir | Farm |
| 14:25 | Construir | Farm |
| 14:31 | Construir | House |
| 14:34 | Encolar | Skirmisher |
| 14:51 | Encolar | Villager (Male) |
| 15:13 | Construir | Lumber Camp |
| 15:17 | Encolar | Villager (Male) |
| 15:24 | Construir | Palisade Wall |
| 15:31 | Encolar | Villager (Male) |
| 15:41 | Construir | Palisade Wall |
| 15:42 | Construir | Palisade Wall |
| 15:49 | Construir | Mining Camp |
| 15:51 | Encolar | Skirmisher |
| 15:54 | Encolar | Villager (Male) |
| 15:59 | Construir | Farm |
| 16:08 | Encolar | Villager (Male) |
| 16:19 | Construir | Palisade Wall |
| 16:29 | Investigar | Wheelbarrow |
| 16:36 | Construir | House |
| 16:39 | Construir | Farm |
| 16:39 | Construir | Farm |
| 16:39 | Construir | Farm |
| 16:39 | Construir | Farm |
| 16:59 | Encolar | Villager (Male) |
| 17:18 | Construir | Palisade Wall |
| 17:19 | Construir | Palisade Wall |
| 17:22 | Encolar | Skirmisher |
| 17:25 | Construir | Palisade Wall |
| 17:46 | Encolar | Villager (Male) |
| 18:02 | Encolar | Skirmisher |
| 18:05 | Encolar | Villager (Male) |
| 18:08 | Construir | Farm |
| 18:09 | Construir | Farm |
| 18:14 | Construir | Palisade Wall |
| 18:19 | Encolar | Skirmisher |
| 18:43 | Encolar | Villager (Male) |
| 18:56 | Construir | House |
| 19:01 | Encolar | Villager (Male) |
| 19:10 | Construir | Palisade Wall |
| 19:13 | Construir | House |
| 19:19 | Construir | Palisade Wall |
| 19:26 | Investigar | Castle Age |
| 19:26 | Investigar | Castle Age |
| 19:38 | Construir | House |
| 20:15 | Construir | Barracks |
| 20:28 | Construir | House |
| 20:31 | Construir | House |
| 20:42 | Construir | Farm |
| 20:43 | Construir | Farm |
| 20:47 | Construir | Palisade Wall |
| 20:49 | Investigar | Gold Mining |
| 20:50 | Investigar | Stone Mining |
| 21:05 | Construir | Lumber Camp |
| 21:11 | Construir | Palisade Wall |
| 21:20 | Construir | House |
| 21:33 | Encolar | Villager (Male) |
| 22:02 | Encolar | Villager (Male) |
| 22:06 | Edad | Edad de los Castillos |
| 22:06 | Investigar | Hand Cart |
| 22:08 | Encolar | Fire Lancer |
| 22:08 | Encolar | Fire Lancer |
| 22:10 | Investigar | Bow Saw |
| 22:11 | Investigar | Heavy Plow |
| 22:16 | Encolar | Villager (Male) |
| 22:20 | Construir | Town Center |
| 22:26 | Encolar | Villager (Male) |
| 22:36 | Construir | Town Center |
| 22:39 | Encolar | Fire Lancer |
| 22:39 | Encolar | Fire Lancer |
| 22:42 | Encolar | Villager (Male) |
Build order — GAX | Poles Dance
Primeras 150 de 745 acciones detectadas
| 0:00 | Encolar | Villager (Male) |
| 0:00 | Encolar | Villager (Male) |
| 0:00 | Encolar | Villager (Male) |
| 0:02 | Construir | House |
| 0:05 | Construir | House |
| 0:07 | Encolar | Villager (Male) |
| 1:32 | Encolar | Villager (Male) |
| 1:44 | Construir | Lumber Camp |
| 1:47 | Investigar | Loom |
| 1:47 | Investigar | Loom |
| 2:06 | Encolar | Villager (Male) |
| 2:08 | Encolar | Villager (Male) |
| 2:47 | Encolar | Villager (Male) |
| 2:55 | Encolar | Villager (Male) |
| 3:33 | Encolar | Villager (Male) |
| 3:54 | Construir | House |
| 4:00 | Encolar | Villager (Male) |
| 4:00 | Encolar | Villager (Male) |
| 4:21 | Encolar | Villager (Male) |
| 4:32 | Construir | Barracks |
| 4:45 | Encolar | Villager (Male) |
| 4:48 | Encolar | Villager (Male) |
| 5:14 | Construir | House |
| 5:17 | Encolar | Villager (Male) |
| 5:25 | Construir | House |
| 5:30 | Encolar | Militia |
| 5:32 | Encolar | Militia |
| 6:02 | Encolar | Villager (Male) |
| 6:15 | Encolar | Villager (Male) |
| 6:15 | Encolar | Villager (Male) |
| 6:22 | Construir | Mill |
| 7:26 | Encolar | Villager (Male) |
| 7:58 | Investigar | Feudal Age |
| 7:58 | Investigar | Feudal Age |
| 8:08 | Encolar | Militia |
| 8:18 | Construir | Mining Camp |
| 8:47 | Encolar | Militia |
| 8:50 | Construir | House |
| 9:11 | Encolar | Villager (Male) |
| 9:17 | Encolar | Villager (Male) |
| 9:45 | Encolar | Villager (Male) |
| 9:51 | Encolar | Villager (Male) |
| 10:08 | Edad | Edad Feudal |
| 10:10 | Construir | Archery Range |
| 10:13 | Investigar | Man-at-Arms (upgrade) |
| 10:30 | Encolar | Villager (Male) |
| 10:42 | Investigar | Double-Bit Axe |
| 10:54 | Encolar | Skirmisher |
| 10:57 | Construir | Palisade Wall |
| 11:05 | Encolar | Villager (Male) |
| 11:06 | Encolar | Skirmisher |
| 11:09 | Construir | Palisade Wall |
| 11:12 | Construir | Palisade Wall |
| 11:16 | Encolar | Villager (Male) |
| 11:31 | Construir | Palisade Wall |
| 11:34 | Encolar | Villager (Male) |
| 11:39 | Construir | House |
| 11:42 | Encolar | Skirmisher |
| 11:49 | Construir | Farm |
| 11:50 | Construir | Farm |
| 12:01 | Encolar | Villager (Male) |
| 12:01 | Encolar | Villager (Male) |
| 12:02 | Encolar | Skirmisher |
| 12:16 | Construir | Farm |
| 12:21 | Encolar | Skirmisher |
| 12:27 | Construir | Palisade Wall |
| 12:41 | Encolar | Villager (Male) |
| 12:46 | Construir | Palisade Wall |
| 12:49 | Construir | House |
| 12:51 | Construir | Palisade Wall |
| 12:54 | Encolar | Villager (Male) |
| 12:58 | Construir | Farm |
| 13:00 | Construir | Farm |
| 13:01 | Encolar | Skirmisher |
| 13:11 | Construir | Palisade Wall |
| 13:12 | Construir | House |
| 13:14 | Construir | Palisade Wall |
| 13:17 | Encolar | Villager (Male) |
| 13:31 | Construir | Farm |
| 13:32 | Construir | Farm |
| 13:34 | Encolar | Skirmisher |
| 13:36 | Encolar | Villager (Male) |
| 13:45 | Encolar | Villager (Male) |
| 13:49 | Construir | Farm |
| 13:54 | Encolar | Skirmisher |
| 14:11 | Encolar | Villager (Male) |
| 14:15 | Encolar | Skirmisher |
| 14:16 | Encolar | Villager (Male) |
| 14:23 | Construir | Farm |
| 14:23 | Construir | Farm |
| 14:26 | Encolar | Skirmisher |
| 14:37 | Construir | Farm |
| 14:44 | Construir | Farm |
| 14:45 | Encolar | Villager (Male) |
| 14:55 | Construir | Palisade Wall |
| 14:57 | Construir | Palisade Wall |
| 15:07 | Encolar | Villager (Male) |
| 15:21 | Encolar | Villager (Male) |
| 15:33 | Construir | Lumber Camp |
| 15:40 | Encolar | Skirmisher |
| 15:43 | Construir | Farm |
| 15:43 | Construir | Farm |
| 15:54 | Encolar | Villager (Male) |
| 16:12 | Encolar | Skirmisher |
| 16:15 | Encolar | Villager (Male) |
| 16:21 | Encolar | Villager (Male) |
| 16:29 | Construir | Blacksmith |
| 16:34 | Investigar | Wheelbarrow |
| 16:34 | Investigar | Wheelbarrow |
| 16:36 | Encolar | Skirmisher |
| 16:59 | Encolar | Villager (Male) |
| 17:17 | Construir | House |
| 17:17 | Construir | House |
| 17:27 | Construir | Farm |
| 17:27 | Construir | Farm |
| 17:29 | Investigar | Horse Collar |
| 17:54 | Encolar | Skirmisher |
| 18:05 | Construir | House |
| 18:16 | Construir | Farm |
| 18:33 | Encolar | Villager (Male) |
| 18:38 | Encolar | Villager (Male) |
| 19:02 | Investigar | Castle Age |
| 19:02 | Investigar | Castle Age |
| 19:09 | Construir | Archery Range |
| 19:10 | Encolar | Skirmisher |
| 19:18 | Construir | Lumber Camp |
| 19:20 | Construir | House |
| 19:25 | Investigar | Fletching |
| 19:40 | Encolar | Villager (Male) |
| 19:41 | Encolar | Skirmisher |
| 19:45 | Encolar | Skirmisher |
| 20:09 | Encolar | Villager (Male) |
| 20:19 | Construir | Palisade Wall |
| 20:22 | Encolar | Villager (Male) |
| 20:37 | Encolar | Skirmisher |
| 20:38 | Encolar | Skirmisher |
| 20:39 | Investigar | Padded Archer Armor |
| 20:39 | Investigar | Padded Archer Armor |
| 20:41 | Construir | Palisade Wall |
| 20:43 | Construir | House |
| 21:06 | Encolar | Villager (Male) |
| 21:13 | Encolar | Villager (Male) |
| 21:18 | Encolar | Skirmisher |
| 21:18 | Encolar | Skirmisher |
| 21:42 | Edad | Edad de los Castillos |
| 21:47 | Construir | Town Center |
| 21:48 | Encolar | Villager (Male) |
| 21:51 | Construir | Town Center |
| 21:52 | Investigar | Bodkin Arrow |
| 21:55 | Investigar | Bow Saw |
Cronología de la partida
| 4:32 | GAX | Poles Dance · first_building Barracks |
| 6:40 | PNAL | Miller · wall_segment Palisade Wall x5 |
| 6:46 | PNAL | Miller · wall_segment Palisade Wall x4 |
| 7:02 | PNAL | Miller · wall_segment Palisade Wall x1 |
| 7:05 | PNAL | Miller · wall_segment Palisade Wall x4 |
| 7:57 | PNAL | Miller · first_building Barracks |
| 8:50 | PNAL | Miller · age_up feudal |
| 8:57 | PNAL | Miller · first_building Archery Range |
| 10:08 | GAX | Poles Dance · age_up feudal |
| 10:10 | GAX | Poles Dance · first_building Archery Range |
| 10:34 | PNAL | Miller · wall_segment Palisade Wall x4 |
| 10:35 | PNAL | Miller · wall_segment Palisade Wall x6 |
| 10:57 | GAX | Poles Dance · wall_segment Palisade Wall x1 |
| 11:09 | GAX | Poles Dance · wall_segment Palisade Wall x1 |
| 11:12 | GAX | Poles Dance · wall_segment Palisade Wall x12 |
| 11:31 | GAX | Poles Dance · wall_segment Palisade Wall x4 |
| 12:27 | GAX | Poles Dance · wall_segment Palisade Wall x7 |
| 12:46 | GAX | Poles Dance · wall_segment Palisade Wall x1 |
| 12:51 | GAX | Poles Dance · wall_segment Palisade Wall x1 |
| 13:11 | GAX | Poles Dance · wall_segment Palisade Wall x1 |
| 13:14 | GAX | Poles Dance · wall_segment Palisade Wall x8 |
| 14:55 | GAX | Poles Dance · wall_segment Palisade Wall x1 |
| 14:57 | GAX | Poles Dance · wall_segment Palisade Wall x1 |
| 15:24 | PNAL | Miller · wall_segment Palisade Wall x6 |
| 15:41 | PNAL | Miller · wall_segment Palisade Wall x6 |
| 15:42 | PNAL | Miller · wall_segment Palisade Wall x5 |
| 16:19 | PNAL | Miller · wall_segment Palisade Wall x5 |
| 17:18 | PNAL | Miller · wall_segment Palisade Wall x13 |
| 17:19 | PNAL | Miller · wall_segment Palisade Wall x1 |
| 17:25 | PNAL | Miller · wall_segment Palisade Wall x1 |
| 18:14 | PNAL | Miller · wall_segment Palisade Wall x1 |
| 19:10 | PNAL | Miller · wall_segment Palisade Wall x1 |
| 19:19 | PNAL | Miller · wall_segment Palisade Wall x1 |
| 20:19 | GAX | Poles Dance · wall_segment Palisade Wall x1 |
| 20:41 | GAX | Poles Dance · wall_segment Palisade Wall x1 |
| 20:47 | PNAL | Miller · wall_segment Palisade Wall x1 |
| 21:11 | PNAL | Miller · wall_segment Palisade Wall x1 |
| 21:42 | GAX | Poles Dance · age_up castle |
| 22:06 | PNAL | Miller · age_up castle |
| 24:46 | GAX | Poles Dance · first_building Monastery |
| 24:56 | PNAL | Miller · first_building Monastery |
| 25:15 | PNAL | Miller · first_market_buy 100 wood |
| 25:41 | PNAL | Miller · first_market_sell 100 wood |
| 29:19 | GAX | Poles Dance · first_building Siege Workshop |
| 29:25 | GAX | Poles Dance · first_market_buy 100 stone |
| 29:30 | GAX | Poles Dance · first_building Castle |
| 31:00 | GAX | Poles Dance · first_market_sell 100 food |
| 32:22 | PNAL | Miller · first_building Stable |
| 32:53 | PNAL | Miller · age_up imperial |
| 34:51 | PNAL | Miller · first_building Castle |
| 36:01 | PNAL | Miller · wall_segment Stone Wall x1 |
| 36:06 | PNAL | Miller · wall_segment Stone Wall x1 |
| 36:07 | PNAL | Miller · wall_segment Stone Wall x1 |
| 38:51 | GAX | Poles Dance · age_up imperial |
| 41:04 | PNAL | Miller · wall_segment Stone Wall x2 |
| 41:04 | PNAL | Miller · wall_segment Stone Wall x1 |
| 41:15 | PNAL | Miller · wall_segment Palisade Wall x1 |
| 41:20 | PNAL | Miller · wall_segment Palisade Wall x1 |
| 41:22 | PNAL | Miller · wall_segment Palisade Wall x1 |
| 43:57 | PNAL | Miller · wall_segment Stone Wall x16 |
| 44:14 | PNAL | Miller · wall_segment Stone Wall x1 |
| 45:43 | PNAL | Miller · wall_segment Palisade Wall x1 |
| 45:44 | PNAL | Miller · wall_segment Palisade Wall x1 |
| 45:45 | PNAL | Miller · wall_segment Palisade Wall x2 |
| 45:46 | PNAL | Miller · wall_segment Palisade Wall x1 |
| 46:46 | PNAL | Miller · wall_segment Stone Wall x2 |
| 46:46 | PNAL | Miller · wall_segment Stone Wall x1 |
| 47:21 | PNAL | Miller · wall_segment Stone Wall x6 |
| 48:06 | PNAL | Miller · wall_segment Stone Wall x1 |
| 48:07 | PNAL | Miller · wall_segment Stone Wall x1 |
| 48:07 | PNAL | Miller · wall_segment Stone Wall x1 |
| 48:14 | PNAL | Miller · wall_segment Stone Wall x1 |
| 48:19 | PNAL | Miller · wall_segment Stone Wall x1 |
| 48:20 | PNAL | Miller · wall_segment Stone Wall x1 |
| 48:45 | PNAL | Miller · wall_segment Stone Wall x1 |
| 48:46 | PNAL | Miller · wall_segment Stone Wall x1 |
| 49:11 | PNAL | Miller · wall_segment Stone Wall x1 |
| 49:41 | PNAL | Miller · wall_segment Stone Wall x8 |
| 49:43 | PNAL | Miller · wall_segment Stone Wall x7 |
| 53:22 | PNAL | Miller · wall_segment Stone Wall x1 |
| 53:26 | PNAL | Miller · wall_segment Stone Wall x1 |
| 54:08 | PNAL | Miller · wall_segment Palisade Wall x1 |
| 57:31 | PNAL | Miller · resign |
[ ANÁLISIS IA · 1 CRÉDITO ]
¿Qué pasó realmente en esta partida?
Wolo.gg analiza cada decisión: build order, eco, micro, errores típicos por bracket. Análisis personalizado por WhatsApp o Discord en 30 segundos.
Guía civ
Vietnamitas
Perfil
Jugador #4198666